 Dungeon Crawl Stone Soup version 0.26-a0-812-g31a745ddcd (webtiles) character file.

Game seed: 14786705783827008414

110 Dracia the Firebug (level 4, 0/33 HPs)
             Began as a Draconian Fire Elementalist on Dec 8, 2020.
             Slain by a worker ant (3 damage)
             ... on level 3 of the Dungeon on Dec 9, 2020.
             The game lasted 00:11:30 (3562 turns).

Dracia the Firebug (Draconian Fire Elementalist)    Turns: 3562, Time: 00:11:30

Health: 0/33       AC:  5    Str: 10    XL:     4   Next: 61%
Magic:  0/7        EV: 12    Int: 17    God:
Gold:   178        SH:  0    Dex: 11    Spells: 0/7 levels left

rFire    . . .     SeeInvis .   l - +0 dagger
rCold    . . .     Faith    .   (no shield)
rNeg     . . .     Spirit   .   (armour unavailable)
rPois    .         Reflect  .   (helmet restricted)
rElec    .         Harm     .   (no cloak)
rCorr    .         Rampage  .   (no gloves)
MR       .....                  (no boots)
Stlth    ++........             (no amulet)
HPRegen  0.11/turn              (no ring)
MPRegen  0.10/turn              (no ring)

@: lethally poisoned (0 -> -2)
A: unfitting armour, cold-blooded, AC +5
a: no special abilities


You were on level 3 of the Dungeon.
You visited 1 branch of the dungeon, and saw 3 of its levels.

You collected 178 gold pieces.


Innate Abilities, Weirdness & Mutations

Your plain brown scales are hard. (AC +5)
You cannot fit into any form of body armour.
You are cold-blooded and may be slowed by cold attacks.


   Skills:
 - Level 1.7 Dodging
 - Level 1.7 Stealth
 - Level 2.0 Spellcasting
 + Level 2.6 Conjurations
 * Level 4.8 Fire Magic


You couldn't memorise any spells.
You knew the following spells:

 Your Spells              Type           Power        Failure   Level
c - Conjure Flame         Conj/Fire      ##......     13%         3
f - Foxfire               Conj/Fire      ##..         4%          1
r - Inner Flame           Hex/Fire       #.......     22%         3

Your spell library contained the following spells:

 Spells                   Type           Power        Failure   Level
 Sticky Flame             Conj/Fire      ##......     38%         4
 Fireball                 Conj/Fire      ##........   75%         5

Inventory:

Hand Weapons
 l - a +0 dagger (weapon)
Missiles
 c - 17 poisoned darts (quivered)
 e - 8 datura-tipped darts
Wands
 k - a wand of paralysis (14)
Scrolls
 a - 2 scrolls of enchant armour {unknown}
 b - 6 scrolls of identify {unknown}
 d - 2 scrolls of teleportation {unknown}
 h - a scroll of remove curse {unknown}
 i - a scroll of enchant weapon {unknown}
 j - a scroll of amnesia {unknown}
Potions
 f - 2 potions of curing {unknown}
 g - a potion of magic {unknown}

Dungeon Overview and Level Annotations

Branches:
Dungeon (3/15)

Altars:

#
####.............#####.#
+.............# #.#
#.............# #.#
#.............# #.# +
#.............# #.# #o
#.############# #.# +o.
... ####### #.#
#..B###########.....#
#.#
+...'..†........@...#
#.#
#..=#..#######.B....##
#.# #..
#..#.......))....# #.#
#. #..#.#.#.#..)..(.#
#.# # #..# #.#.......#
#.#.# #..# ..#.......#
#.#.# #..#.#####.......#
#.#.# #..#.............#
#.#.# #..........)...#.#
#.#.#


You could see a worker ant.


Message History

You conjure some foxfire!
You feel sick. The worker ant bites you!
You hit the worker ant but do no damage.
The worker ant is heavily wounded.
The foxfire hits the worker ant.
The worker ant is severely wounded.
The foxfire hits the worker ant.
The worker ant is almost dead.
The worker ant bites you.
You barely miss the worker ant.
The worker ant is almost dead.
The worker ant bites you. The worker ant bites you!
* * * LOW HITPOINT WARNING * * *
You hit the worker ant but do no damage.
The worker ant is almost dead.
You feel sick. The worker ant bites you.
* * * LOW HITPOINT WARNING * * *
You hit the worker ant but do no damage.
The worker ant is almost dead.
The worker ant barely misses you.
Casting: Foxfire (safe; 4% risk of failure)
Confirm with . or Enter, or press ? or * to list all spells.
You don't have enough magic to cast that spell.
You closely miss the worker ant.
The worker ant is almost dead.
* * * LOW HITPOINT WARNING * * *
You feel sick. The worker ant completely misses you.
You barely miss the worker ant.
The worker ant is almost dead.
The worker ant bites you.
You die...

Skill      XL: |  1  2  3 |
---------------+----------+-----
Fire Magic     | 4 |  4.8
Conjurations   | 2 |  2.6
Dodging        | |  1.7
Stealth        | |  1.7
Spellcasting   | |  2.0

Action                   |  1- 3 |  4- 6 || total
-------------------------+-------+-------++-------
Melee: Unarmed           |    25 |    36 ||    61
       Tailslap          |     3 |     3 ||     6
       Dagger            |       |    10 ||    10
Throw: Dart              |       |     1 ||     1
 Cast: Foxfire           |    45 |    50 ||    95
 Stab: Sleeping          |     1 |     1 ||     2
Armor: Skin              |    13 |    17 ||    30
Dodge: Dodged            |    49 |    76 ||   125

Levels and vault maps discovered:
D:1:      onia_arrival_handbag, layout_basic
D:2:      minmay_diamond_boxcup, layout_loops_cross
D:3:      layout_basic

Notes
Turn   | Place    | Note
-------+----------+-------------------------------------------
     0 | D:1      | Dracia the Draconian Fire Elementalist began the quest for
                  | the Orb.
     0 | D:1      | Reached XP level 1. HP: 14/14 MP: 3/3
   395 | D:1      | HP: 1/14 [leopard gecko (1)]
   396 | D:1      | Reached XP level 2. HP: 2/20 MP: 5/5
  1323 | D:2      | Reached XP level 3. HP: 26/26 MP: 0/6
  1328 | D:2      | Learned a level 3 spell: Conjure Flame
  1625 | D:2      | Reached skill level 4 in Fire Magic
  1652 | D:2      | Reached skill level 2 in Conjurations
  1858 | D:2      | Reached XP level 4. HP: 33/33 MP: 4/7
  2032 | D:2      | HP: 2/33 [worm (5)]
  2039 | D:2      | Learned a level 3 spell: Inner Flame
  3561 | D:3      | HP: 3/33 [poisoned by a worker ant]
  3562 | D:3      | Slain by a worker ant

Vanquished Creatures
  A worker ant (D:2)
  2 adders (D:2)
  A worm (D:2)
  5 leopard geckos
  4 orcs (D:3)
  5 giant cockroaches
  4 goblins
  8 hobgoblins
  3 jackals (D:3)
  A quokka (D:2)
  5 bats (D:1)
  4 frilled lizards (D:2)
  5 kobolds
  8 rats
56 creatures vanquished.

Vanquished Creatures (others)
  156 foxfires
156 creatures vanquished.

Grand Total: 212 creatures vanquished

Table legend: (Time is in decaauts)
 A = Elapsed time spent in this place.
 B = Non-inter-level travel time spent in this place.
 C = Inter-level travel time spent in this place.
 D = Time resting spent in this place.
 E = Time spent auto-exploring this place.
 F = Levels seen in this place.
 G = Mean time per level.
                   A        B        C        D        E       F      G
               +--------+--------+--------+--------+--------+-----+--------+
         Total |   3561 |   3529 |     32 |    677 |   2312 |   3 | 1187.0 |
       Dungeon |   3561 |   3529 |     32 |    677 |   2312 |   3 | 1187.0 |
               +--------+--------+--------+--------+--------+-----+--------+

Top non-repeatable levels by time:
     D:2: 1371 daAuts
     D:1: 1313 daAuts
     D:3: 876 daAuts

Table legend:
 A = Non-vault XP
 B = Vault XP
 C = Vault XP percentage of total XP
 D = Non-vault monster count
 E = Vault monster count
 F = Vault count percentage of total count
                 A         B        C        D         E       F
            +---------+---------+-------+---------+---------+-------
      Total |     124 |      34 |  21.5 |      44 |      12 |  21.4
            +---------+---------+-------+---------+---------+-------
        D:1 |      21 |       4 |  16.0 |      12 |       4 |  25.0
        D:2 |      68 |      30 |  30.6 |      16 |       8 |  33.3
        D:3 |      35 |       0 |   0.0 |      16 |       0 |   0.0
            +---------+---------+-------+---------+---------+-------
